Map: Moebius Facility XX-1

Players

Amix - Winner!

  • Race: Zerg Zerg
  • Spawn Location: 6:00

nickfour - Winner!

  • Race: Terran Terran
  • Spawn Location: 5:00

A.I. 2 (Medium)

  • Race: Protoss Protoss
  • Spawn Location: 12:00

A.I. 3 (Medium)

  • Race: Terran Terran
  • Spawn Location: 11:00

VOD

Have the link to the VOD?

Description

Time

  • Played on: Nov. 26, 2016, 4:09 a.m.
  • Length: 14:28
Show
View Real Time Build Order
Export as new Build Order

Amix Zerg - Winner!

Build Orders: Hatch First 

Get SALT Encoding   

  12  0:02  Drone  
  13  0:11  Drone  
  14  0:18  Overlord  
  14  0:24  Drone, Extractor  
  15  0:41  Drone x2  
  17  0:57  Hatchery  
  17  1:02  Drone x2  
  18  1:05  Extractor  
  17  1:20  Spawning Pool  
  17  1:23  Drone  
  17  1:28  Drone  
  17  1:30  Drone  
  19  1:39  Drone  
  20  1:49  Drone  
  21  2:00  Overlord  
  21  2:09  Queen  
  21  2:10  Queen  
  25  2:16  Drone x2  
  25  2:20  Drone  
  28  2:23  Drone  
  29  2:31  Drone  
  29  2:33  Drone  
  31  2:42  Overlord  
  31  2:48  Queen  
  31  2:50  Queen  
  35  2:53  Drone  
  36  3:02  Drone x2  
  36  3:04  Drone  
  36  3:05  Drone  
  40  3:15  Drone  
  40  3:16  Drone  
  42  3:24  Drone x2  
  42  3:25  Overlord x2  
  44  3:30  Lair  
  44  3:35  Evolution Chamber  
  44  3:39  Evolution Chamber  
  44  3:40  Roach Warren  
  41  3:42  Drone x2, Extractor x2  
  41  3:50  Pneumatized Carapace  
  41  3:52  Drone x3  
  44  4:08  Drone x7  
  51  4:14  Zerg Missile Weapons Level 1  
  51  4:17  Spine Crawler  
  51  4:18  Zerg Ground Armor Level 1  
  50  4:43  Glial Reconstitution  
  50  4:56  Roach  
  50  4:57  Roach x3  
  50  4:58  Overlord x4  
  58  5:02  Drone x2  
  60  5:16  Roach x2  
  64  5:27  Hatchery  
  63  5:30  Hatchery  
  63  5:33  Roach x4  
  70  5:45  Ravager x3  
  70  5:47  Zergling x4  
  75  5:59  Roach x3  
  75  6:00  Roach x3  
  75  6:03  Drone x2  
  83  6:26  Roach x4  
  88  6:59  Roach  
  88  7:00  Roach x7  
  104  7:03  Overlord x4  
  104  7:06  Zerg Missile Weapons Level 2  
  104  7:19  Overlord x3  
  104  7:21  Queen  
  106  7:24  Extractor  
  106  7:26  Extractor  
  106  7:27  Drone x6  
  106  7:28  Drone x5  
  115  7:33  Extractor  
  114  7:46  Roach x5  
  114  7:47  Roach x4  
  132  8:03  Roach  
  132  8:04  Roach x9  
  152  8:25  Drone x6  
  152  8:26  Drone x2  
  160  8:27  Overlord  
  160  8:28  Overlord x4  
  160  8:31  Zerg Ground Armor Level 2  
  160  8:36  Overseer x3  
  160  9:08  Roach x4, Zergling x2  
  160  9:09  Roach x9  
  187  9:23  Extractor  
  186  9:25  Roach x4  
  194  9:32  Infestation Pit  
  194  9:36  Burrow  
  194  9:37  Roach x3  
  194  9:38  Drone  
  184  10:27  Roach  
  184  10:28  Drone, Roach  
  189  10:29  Roach x5  
  192  11:02  Ravager x10  
  192  11:03  Ravager  
  199  11:14  Hive  
  195  12:56  Overlord x4  
  195  12:57  Overlord x2  
Show
View Real Time Build Order
Export as new Build Order

nickfour Terran - Winner!

Build Orders:  

Get SALT Encoding   

  12  0:01  SCV  
  13  0:13  SCV  
  14  0:26  Supply Depot  
  14  0:27  SCV  
  15  0:30  Refinery  
  15  0:47  SCV  
  16  0:50  Barracks  
  16  0:59  SCV  
  17  1:12  SCV  
  18  1:24  SCV  
  19  1:35  Barracks  
  19  1:36  SCV  
  20  1:48  SCV  
  20  1:49  Supply Depot  
  21  2:00  SCV  
  22  2:01  Engineering Bay  
  22  2:12  Supply Depot  
  22  2:16  Barracks Tech Lab  
  22  2:23  Command Center  
  22  2:24  Barracks Tech Lab  
  22  2:35  Marine  
  23  2:43  Refinery, Terran Infantry Weapons Level 1  
  23  2:47  Marine  
  24  2:53  Marine  
  24  2:58  SCV  
  26  3:04  Marine  
  27  3:10  SCV  
  27  3:11  Refinery, Marine  
  29  3:22  Marine  
  29  3:23  Orbital Command  
  30  3:35  Marine  
  30  3:40  Marine  
  32  3:50  Supply Depot  
  32  3:53  Marine  
  32  3:54  SCV  
  34  3:57  Orbital Command  
  34  4:05  Refinery  
  34  4:06  SCV  
  35  4:14  Supply Depot  
  35  4:18  SCV  
  35  4:21  Marine x2  
  38  4:30  SCV  
  39  4:37  SCV, Terran Infantry Armor Level 1  
  40  4:38  Marine  
  40  4:39  Marine  
  40  4:42  SCV  
  43  4:49  SCV  
  44  4:54  SCV  
  45  5:01  SCV  
  46  5:10  Factory  
  46  5:14  Marine, SCV  
  47  5:15  Marine  
  49  5:26  SCV  
  50  5:32  Marine x2  
  52  5:50  Marine x2  
  52  5:55  Factory Tech Lab  
  54  6:08  Marine x2  
  54  6:10  Armory  
  56  6:26  Marine x2  
  58  6:44  Marine x2  
  60  6:49  Siege Tank  
  63  6:58  Starport  
  63  7:01  Marine  
  63  7:02  Marine  
  65  7:19  Marine x2  
  65  7:21  Terran Infantry Weapons Level 2, Siege Tank  
  70  7:26  Terran Vehicle And Ship Armor Level 1  
  70  7:34  Command Center  
  70  7:35  Starport  
  70  7:37  Fusion Core  
  70  7:42  Supply Depot  
  70  7:49  Marine x2  
  72  7:54  Thor, Starport Tech Lab  
  78  8:04  SCV  
  79  8:05  Supply Depot  
  79  8:06  Marine x2  
  81  8:14  Starport  
  81  8:16  SCV  
  82  8:24  Marine x2, Starport Tech Lab  
  84  8:27  Supply Depot  
  84  8:28  SCV  
  85  8:40  SCV  
  86  8:42  Marine x2  
  88  8:52  SCV, Supply Depot  
  88  8:55  Starport Tech Lab  
  89  9:00  Marine x2  
  97  9:02  Battlecruiser  
  97  9:05  Battlecruiser  
  97  9:09  Weapon Refit  
  103  9:18  Marine x2  
  103  9:20  Terran Ship Weapons Level 1  
  105  9:29  SCV  
  106  9:35  Marine  
  106  9:37  Terran Infantry Armor Level 2  
  107  9:41  SCV  
  107  9:42  Refinery  
  107  9:45  Refinery  
  108  9:53  SCV  
  108  9:55  Command Center  
  109  10:05  SCV  
  110  10:15  Battlecruiser  
  110  10:16  Battlecruiser  
  110  10:17  SCV  
  123  10:42  Marine x2  
  131  10:50  Battlecruiser  
  131  10:59  Marine x2  
  133  11:15  Terran Vehicle And Ship Armor Level 2  
  133  11:17  Marine x2  
  135  11:19  Battlecruiser  
  141  11:35  Marine x2  
  140  11:53  Marine x2  
  142  12:02  Battlecruiser  
  142  12:03  Battlecruiser  
  154  12:11  Marine x2  
  156  12:28  Marine  
  156  12:29  Marine  
  158  12:46  Marine x2, Battlecruiser  
  166  13:04  Marine x2  
  168  13:19  Battlecruiser  
  174  13:22  Marine x2  
  180  13:40  Marine x2  
  188  13:57  Marine  
  188  13:58  Marine  
Show
View Real Time Build Order
Export as new Build Order

A.I. 2 (Medium) Protoss 

Build Orders:  

Get SALT Encoding   

  12  0:01  Probe (Chrono Boost)  
  13  0:11  Probe (Chrono Boost)  
  14  0:21  Pylon  
  14  0:22  Probe (Chrono Boost)  
  15  0:39  Probe (Chrono Boost)  
  16  0:47  Assimilator  
  16  0:49  Gateway  
  17  0:50  Probe (Chrono Boost)  
  17  1:00  Probe (Chrono Boost), Pylon  
  18  1:28  Gateway  
  18  1:34  Assimilator  
  18  1:40  Cybernetics Core  
  18  1:43  Zealot  
  20  2:04  Pylon  
  20  2:10  Warp Gate  
  20  2:15  Adept  
  22  2:33  Zealot  
  24  2:48  Adept  
  26  2:57  Pylon  
  26  3:04  Adept  
  28  3:14  Probe (Chrono Boost)  
  29  3:21  Stalker  
  29  3:26  Probe (Chrono Boost)  
  32  3:33  Pylon  
  32  3:38  Probe (Chrono Boost), Adept  
  35  3:48  Forge  
  35  3:49  Probe (Chrono Boost)  
  35  3:53  Adept  
  36  4:02  Probe (Chrono Boost)  
  39  4:13  Probe (Chrono Boost)  
  39  4:16  Adept  
  42  4:32  Adept  
  44  6:21  Stalker  
  44  6:22  Probe (Chrono Boost)  
  44  6:25  Pylon  
  47  6:26  Photon Cannon  
  47  6:28  Photon Cannon  
  47  6:30  Robotics Facility  
  47  6:32  Stargate  
  47  6:35  Sentry, Twilight Council  
  47  6:36  Nexus  
  47  6:39  Gateway  
  49  6:42  Forge  
  41  6:48  Stalker, Pylon  
  31  7:02  Stalker  
  33  7:16  Stalker  
  33  7:19  Observer  
  36  7:29  Stalker  
  37  7:38  Observer  
  37  7:43  Sentry  
  40  7:49  Probe (Chrono Boost)  
  42  7:51  Probe (Chrono Boost)  
  42  7:56  Zealot  
  44  7:59  Probe (Chrono Boost)  
  44  8:01  Assimilator  
  44  8:02  Pylon  
  44  8:03  Probe (Chrono Boost)  
  44  8:04  Pylon  
  46  8:10  Adept  
  46  8:11  Probe (Chrono Boost)  
  49  8:14  Probe (Chrono Boost)  
  50  8:21  Probe (Chrono Boost)  
  50  8:24  Zealot  
  50  8:26  Probe (Chrono Boost)  
  54  8:27  Photon Cannon  
  54  8:29  Photon Cannon  
  54  8:33  Probe (Chrono Boost)  
  55  8:37  Probe (Chrono Boost), Adept  
  58  8:43  Probe (Chrono Boost)  
  60  8:48  Probe (Chrono Boost)  
  60  8:54  Probe (Chrono Boost)  
  61  8:59  Probe (Chrono Boost)  
  61  9:05  Probe (Chrono Boost)  
  63  9:10  Probe (Chrono Boost)  
  63  9:15  Probe (Chrono Boost)  
  64  9:20  Probe (Chrono Boost)  
  65  9:26  Probe (Chrono Boost)  
  66  9:49  Zealot  
  54  9:57  Stalker  
  47  10:01  Probe (Chrono Boost)  
  47  10:03  Probe (Chrono Boost)  
  47  10:04  Zealot  
  50  10:07  Pylon  
  50  10:08  Void Ray  
  54  10:16  Immortal  
  58  10:26  Zealot  
  60  10:33  Stalker  
  60  10:38  Photon Cannon  
  60  10:40  Stalker  
  56  10:42  Pylon  
  58  11:03  Zealot  
  44  11:13  Pylon  
  35  11:21  Zealot  
  6  12:00  Nexus  
  6  12:03  Nexus  
  6  12:04  Nexus  
  5  12:17  Assimilator  
Show
View Real Time Build Order
Export as new Build Order

A.I. 3 (Medium) Terran 

Build Orders:  

Get SALT Encoding   

  12  0:01  SCV  
  13  0:13  SCV  
  14  0:19  Supply Depot  
  14  0:25  SCV  
  15  0:40  SCV  
  15  0:42  Barracks  
  16  0:49  Refinery  
  16  0:52  SCV  
  17  1:05  SCV  
  18  1:16  Supply Depot  
  18  1:29  Marine  
  18  1:31  Orbital Command  
  19  1:34  Barracks  
  19  1:43  Refinery  
  19  1:48  Barracks Tech Lab  
  19  2:06  Marine  
  20  2:10  Supply Depot  
  20  2:24  Marine  
  20  2:26  Marine  
  23  2:30  SCV  
  23  2:42  Marauder, SCV  
  26  2:44  Marine  
  26  2:45  Supply Depot  
  27  2:53  Engineering Bay  
  27  2:54  SCV  
  28  3:02  Marine  
  28  3:05  Marauder  
  31  3:06  SCV  
  32  3:18  SCV  
  33  3:20  Marine  
  33  3:26  Marine  
  35  3:30  SCV  
  36  5:06  Barracks Tech Lab, SCV  
  37  5:09  Factory  
  37  5:11  Factory  
  37  5:14  Supply Depot, Command Center  
  37  5:16  Missile Turret  
  37  5:17  Missile Turret  
  37  5:18  SCV  
  37  5:19  Barracks  
  38  5:28  Sensor Tower  
  38  5:37  Bunker  
  38  5:39  Supply Depot  
  38  5:53  Cyclone  
  38  5:54  Factory Tech Lab, Starport  
  41  6:11  Armory  
  41  6:13  Siege Tank  
  32  6:26  Marine, Factory Tech Lab  
  32  6:27  SCV  
  32  6:30  SCV  
  35  6:34  Refinery, Starport Tech Lab  
  35  6:36  Missile Turret  
  35  6:38  Barracks Reactor, Missile Turret  
  35  6:39  Marauder, SCV  
  38  6:42  SCV  
  39  6:51  SCV  
  39  6:52  Marine  
  39  6:54  SCV, Raven  
  43  6:57  Refinery  
  43  7:00  Bunker  
  44  7:03  SCV  
  44  7:05  Marauder  
  44  7:06  SCV  
  48  7:15  SCV  
  49  7:18  Marine, SCV  
  51  7:27  SCV  
  52  7:30  Marine, SCV  
  52  7:36  Raven  
  56  7:39  SCV  
  56  7:42  SCV  
  56  7:43  Marine  
  59  7:51  SCV  
  59  7:54  SCV  
  59  7:56  Siege Tank  
  64  8:03  SCV  
  65  8:07  SCV  
  65  8:09  Marine  
  67  8:15  SCV  
  67  8:19  SCV  
  69  8:22  Supply Depot  
  69  8:28  SCV  
  70  9:06  SCV  
  70  9:30  Widow Mine  
  72  9:31  Medivac  
  72  9:32  Stimpack  
  72  9:33  Terran Infantry Weapons Level 1  
  72  9:34  Starport  
  72  9:36  Supply Depot  
  72  9:37  Command Center  
  74  9:41  Ghost Academy  
  75  9:46  Fusion Core  
  75  9:51  Marine  
  75  9:52  Engineering Bay  
  64  9:57  Armory  
  61  10:00  Widow Mine  
  61  10:06  Supply Depot  
  64  10:09  Marauder  
  64  10:12  Starport Reactor  
  66  10:16  Marauder  
  47  10:30  Hellion  
  36  10:38  Marauder  
  36  10:42  Marine  
  39  10:44  Supply Depot  
  39  10:47  Starport  
  39  10:50  SCV, Factory  
  39  10:52  Hellion  
  39  10:53  SCV  
  39  10:54  Refinery  
  39  10:56  SCV  
  44  10:59  Marauder  
  44  11:02  Refinery, Barracks Tech Lab  
  44  11:03  SCV  
  45  11:09  Marine, SCV  
  47  11:12  SCV  
  47  11:13  Factory Tech Lab  
  47  11:16  SCV  
  44  11:20  Marauder  
  44  11:21  SCV  
  44  11:23  Viking  
  44  11:24  SCV  
  50  11:28  SCV  
  50  11:32  Hellion  
  53  11:33  SCV  
  53  11:34  Factory Tech Lab  
  54  11:41  Marine  
  49  11:49  SCV  
  49  11:52  SCV  
  49  11:53  Hellion  
  49  11:54  Starport Tech Lab  
  49  11:55  SCV  
  49  11:57  Starport Tech Lab  
  41  12:04  SCV  
  41  12:07  SCV  
  42  12:12  Starport  
  43  12:16  SCV  
  43  12:20  Barracks  
  36  12:30  Supply Depot  
  36  12:43  Supply Depot  
  32  12:47  Supply Depot  
  32  12:59  Command Center  
  32  13:01  Supply Depot  
  32  13:03  Engineering Bay  
  32  13:06  Orbital Command  
  32  13:22  Marine, Factory, Viking  
  32  13:25  Command Center  
  32  13:26  Supply Depot  
  35  13:31  Missile Turret  
  35  13:32  SCV  
  36  13:41  Barracks Tech Lab  
  36  13:44  SCV  
  32  13:56  SCV  
  32  13:59  Marine  
Tags
 
Add a new tag
Caveats
  • Supply blocks, unpowered buildings, or Contaminate may cause inaccurate times.
  • Supply counts are checked every 10 seconds.